AoeStats
← ILoveMonks

Glade

510484096Analyzed
1v1 RM · 6h ago on Oct 1, 2026· 18m 2s· 2 players
Game mode
Random Map
Map size
Tiny (2 player)
Population
200
Speed
Normal
Resources
Standard
Victory
Conquest
Starting age
Dark Age
Ending age
Imperial Age
RankedLock teamsTeams togetherTeam positionsShared explorationLock speedFull tech treeHidden civsTurbo modeCheats
Victory
Defeat
🇩🇪 Bengalis · Germany
1416
+18
🇭🇺 Burgundians · Hungary
1374
-14
Marcifer
7:32 Loom
9:50 Feudal Age
10:06 Wheelbarrow
10:39 Double-Bit Axe
11:50 Horse Collar
14:08 Town Watch
17:27 Fletching
ILoveMonks
10:21 Feudal Age
10:34 Loom
13:58 Castle Age
13:20 Double-Bit Axe
13:38 Gold Mining
15:31 Redemption
17:23 Sanctity
Connection lost

Rejoining the realm…

Still unreachable

The connection could not be restored.

Session expired

The server has moved on; the page needs a fresh start.